 Dungeon Crawl Stone Soup version 0.19-a0-1511-g16f215b (webtiles) character file.

60 Charly the Skirmisher (level 3, 0/30 HPs)
             Began as a Demonspawn Wanderer on Sept 12, 2016.
             Succumbed to a worker ant's poison
             ... on level 4 of the Dungeon.
             The game lasted 00:11:23 (1001 turns).

Charly the Skirmisher (Demonspawn Wanderer)         Turns: 1001, Time: 00:11:23

Health: 0/30       AC:  8    Str: 10 (11) XL:     3   Next: 82%
Magic:  6/6        EV:  8    Int: 10 (12) God:
Gold:   38         SH:  0    Dex: 12 (15) Spells: 0 memorised, 6 levels left

rFire  . . .     SeeInvis +     e - +0 dagger
rCold  + . .     Gourm    .     m - +0 scale mail
rNeg   . . .     Faith    .     (no shield)
rPois  .         Spirit   .     (no helmet)
rElec  .         Dismiss  .     (no cloak)
rCorr  .         Reflect  .     (no gloves)
MR     .....     Harm     .     (no boots)
Stlth  ..........               (no amulet)
                                (no ring)
                                i - ring of see invisible

@: lethally poisoned (0 -> -12), very slightly contaminated, hasted, very quick
A: molten scales 1, cold resistance 1
a: no special abilities


You were on level 4 of the Dungeon.
You were not hungry.

You visited 1 branch of the dungeon, and saw 4 of its levels.

You collected 38 gold pieces.

Inventory:

Hand Weapons
 e - a +0 dagger (weapon)
Armour
 m - a +0 scale mail (worn)
Jewellery
 i - a ring of see invisible (left hand)
Scrolls
 b - 2 scrolls of identify {unknown}
 c - a scroll of teleportation
 d - a scroll of enchant weapon {unknown}
 k - a scroll of amnesia {unknown}
 n - a scroll of noise {unknown}
Books
 a - a book of Minor Magic

   Spells                             Type                      Level
   a - Magic Dart                     Conjuration                  1
   b - Blink                          Translocation                2
   c - Call Imp                       Summoning                    2
   d - Repel Missiles                 Charms/Air                   2
   e - Slow                           Hexes                        2
   f - Conjure Flame                  Conjuration/Fire             3
   g - Mephitic Cloud                 Conjuration/Poison/Air       3
Comestibles
 f - a bread ration
 l - a meat ration


   Skills:
 + Level 4.2 Fighting
 - Level 1.0 Throwing
 - Level 1.0 Dodging
 - Level 1.0 Stealth
 - Level 2.0 Spellcasting
   Level 2.0 Conjurations
   Level 1.0 Transmutations


You had 6 spell levels left.
You didn't know any spells.

Dungeon Overview and Level Annotations

Branches:
Dungeon (4/15)
 Temple: D:4-7

Altars:

Annotations:
D:1 exclusion: downstairs
D:3 jacquesderrida's ghost, weakling VSWn


Innate Abilities, Weirdness & Mutations

You are partially covered in molten scales. (AC +2)
Your flesh is cold resistant. (rC+)


Message History

You are poisoned.
The worker ant poisons you!
It was a potion of haste.
You feel yourself speed up.
You feel sick. The worker ant closely misses you.
You are very lightly contaminated with residual magic.
You hit the worker ant.
The worker ant is lightly wounded.
The worker ant bites you.
* * * LOW HITPOINT WARNING * * *
You are lethally poisoned!
The worker ant poisons you!
It was a potion of degeneration.
There was something very wrong with that liquid.
You feel weakened.
You feel dopey.
You feel clumsy.
* * * LOW HITPOINT WARNING * * *
You feel sick. The worker ant bites you.
* * * LOW HITPOINT WARNING * * *
You barely miss the worker ant.
The worker ant is lightly wounded.
You die...

#.....#.#
###.....#.
........ #......#
#......# #......#
#..s...# .....
#+# ..... #@#
#a.... #a#
###...≈≈≈ #.#
#....≈≈≈≈ #.#
#....≈≈♣≈ # #.#
#....≈≈≈≈
##.##.###.....≈≈≈
#...<%..[......[.
#.....###........
#.....# #....####


You could see a worker ant.

Vanquished Creatures
  A hound skeleton (D:4)
  3 adders (D:2)
  An orc (D:4)
  3 goblins
  A hobgoblin (D:1)
  3 jackals (D:1)
  A quokka (D:2)
  A bat (D:1)
  A giant newt (D:2)
  5 kobolds
  A rat (D:2)
21 creatures vanquished.

Notes
Turn   | Place    | Note
-------+----------+-------------------------------------------
     0 | D:1      | Charly the Demonspawn Wanderer began the quest for the Orb.
     0 | D:1      | Charly set off with: a book of Minor Magic, the Papyrus of Confrontation, a scroll of teleportation, a +0 robe, a +0 dagger, a bread ration
     0 | D:1      | Reached XP level 1. HP: 16/16 MP: 3/3
     0 | D:1      | Identified the Papyrus of Confrontation
   250 | D:1      | Gained mutation: Your flesh is cold resistant. (rC+) [demonic ancestry]
   250 | D:1      | Reached XP level 2. HP: 9/23 MP: 5/5
   397 | D:2      | Reached skill level 3 in Fighting
   614 | D:2      | Gained mutation: You are partially covered in molten scales. (AC +2) [demonic ancestry]
   614 | D:2      | Reached XP level 3. HP: 9/29 MP: 6/6
   904 | D:3      | Noticed jacquesderrida's ghost (weakling VSWn)
   983 | D:4      | Reached skill level 4 in Fighting
   995 | D:4      | Noticed a scorpion
  1000 | D:4      | HP: 1/30 [worker ant (5)]
  1001 | D:4      | Succumbed to a worker ant's poison

Vault maps used:
D:1:      matt_arrival_los_fun, corexii_corridor_pit
D:2:      uniq_natasha
D:3:      minitemple
D:4:      elyvilon_altar_3

Skill      XL: |  1  2  3 |
---------------+----------+-----
Fighting       | 3 4 |  4.2
Throwing       | |  1.0
Dodging        | |  1.0
Stealth        | |  1.0
Spellcasting   | |  2.0
Conjurations   | |  2.0
Transmutations | |  1.0

Action                   || total
-------------------------++-------
Melee: Dagger            ||   178
  Use: Potion            ||     2
  Eat: Chunk             ||     2
Armor: Ring mail         ||    53
       Scale mail        ||     7
Dodge: Dodged            ||    98
